 Dungeon Crawl Stone Soup version 0.29.0-4-gdea44cf6ec (webtiles) character file.

Game seed: 2656738916429869505

85 qw the Caller (level 4, -3/36 HPs)
             Began as a Ghoul Summoner on Sept 10, 2022.
             Slain by a gnoll
             ... wielding a +0 spear
              (5 damage)
             ... on level 3 of the Dungeon.
             The game lasted 00:00:53 (2254 turns).

qw the Caller (Ghoul Summoner)                      Turns: 2254, Time: 00:00:53

Health: -3/36      AC: 11    Str: 13    XL:     4   Next: 48%
Magic:  5/5        EV:  3    Int: 10    God:
Gold:   162        SH:  0    Dex:  9    Spells: 5/6 levels left

rFire   . . .      SeeInvis .   Y - +0 hand axe
rCold   + . .      Faith    .   (no shield)
rNeg    + + +      Spirit   .   e - +1 plate armour
rPois   inf        Reflect  .   (no helmet)
rElec   .          Harm     .   (no cloak)
rCorr   .          Rampage  .   (no gloves)
Will    .....                   (no boots)
Stlth   ..........              (no amulet)
HPRegen 0.00/turn               (no ring)
MPRegen 0.09/turn               (no ring)

@: inhibited regen
A: claws 1, cold resistance 1, negative energy resistance 3, inhibited
regeneration, torment resistance 2, devour on kill
a: no special abilities


You were on level 3 of the Dungeon.
You visited 1 branch of the dungeon, and saw 3 of its levels.

You collected 162 gold pieces.


Innate Abilities, Weirdness & Mutations

You are immune to poison.
You have sharp fingernails.
Your flesh is cold resistant. (rC+)
You are immune to negative energy. (rN+++)
You do not regenerate when monsters are visible.
You are immune to unholy pain and torment.
You thrive by killing the living.


   Skills:
 - Level 2.0 Fighting
 + Level 2.7 Axes
 - Level 1.0 Armour
 - Level 1.7 Dodging
 - Level 2.1 Stealth
 - Level 1.7 Spellcasting
 - Level 3.6 Summonings


You had 5 spell levels left.
You knew the following spells:

 Your Spells              Type           Power      Damage    Failure   Level
a - Summon Small Mammal   Summ           32%        N/A       100%        1

Your spell library contained the following spells:

 Spells                   Type           Power      Damage    Failure   Level
 Call Imp                 Summ           8%         N/A       100%        2
 Call Canine Familiar     Summ           8%         N/A       100%        3
 Summon Guardian Golem    Hex/Summ       4%         N/A       100%        3
 Summon Lightning Spire   Summ/Air       4%         N/A       100%        4

Inventory:

Hand Weapons
 a - a +0 flail
 Y - a +0 hand axe (weapon)
Missiles
 h - 3 boomerangs (quivered)
Armour
 e - a +1 plate armour (worn)
Scrolls
 i - a scroll of silence {unknown}
Potions
 b - a potion of brilliance {unknown}
 c - a potion of attraction {unknown}
 d - a potion of curing {unknown}
 f - a potion of lignification {unknown}
 g - a potion of might

Dungeon Overview and Level Annotations

Branches:
Dungeon (3/15)

Altars:


Message History

You hear the rusting of a very distant drain.
The gnoll hits you but does no damage. The gnoll hits you with a +0 flail.
You hit the gnoll but do no damage.
The gnoll is almost dead.
The gnoll hits you with a +0 flail.
The gnoll hits you from afar with a +0 spear.
You hit the gnoll.
The gnoll is almost dead.
The gnoll hits you but does no damage. x2
You hit the gnoll.
You kill the gnoll!
You feel better. The gnoll barely misses you.
The gnoll hits you but does no damage.
Items here: %% )).
You hit the gnoll.
The gnoll is moderately wounded.
The gnoll hits you but does no damage.
You closely miss the gnoll.
The gnoll is moderately wounded.
The gnoll completely misses you. The gnoll hits you with a +0 spear.
You closely miss the gnoll.
The gnoll is moderately wounded.
The gnoll hits you with a +0 spear.
You barely miss the gnoll.
The gnoll is moderately wounded.
The gnoll hits you with a +0 spear.
You closely miss the gnoll.
The gnoll is moderately wounded.
The gnoll hits you with a +0 spear.
You closely miss the gnoll.
The gnoll is moderately wounded.
The gnoll hits you but does no damage.
You barely miss the gnoll.
The gnoll is moderately wounded.
The gnoll hits you with a +0 spear. The gnoll barely misses you.
You closely miss the gnoll.
The gnoll is moderately wounded.
The gnoll hits you with a +0 spear.
You die...

......)).....
.....#....... ....
#....... ... #....... #
.. #....... #. .
#....... #####.#
####.###
#.[....##########....=.#
#.....g@$..............#
#......##########......#
#...... ######## #######


You could see a gnoll.

Vanquished Creatures
  2 gnolls (D:3)
  2 adders (D:2)
  A worm (D:2)
  A dart slug (D:2)
  4 orcs (D:3)
  2 endoplasms
  3 giant cockroaches
  3 goblins
  2 hobgoblins (D:1)
  4 ball pythons
  2 bats (D:2)
  3 kobolds
  4 rats
33 creatures vanquished.

Vanquished Creatures (collateral kills)
  A ball python (D:1)
  An endoplasm (D:1)
  A hobgoblin (D:1)
  A kobold (D:1)
  A bat (D:1)
5 creatures vanquished.

Grand Total: 38 creatures vanquished

Notes
Turn   | Place    | Note
-------+----------+-------------------------------------------
     0 | D:1      | qw the Ghoul Summoner began the quest for the Orb.
     0 | D:1      | Reached XP level 1. HP: 14/14 MP: 2/2
     0 | D:1      | 0 ||| qw: Version: 0.1-a-116-g5d60599
     0 | D:1      | 0 ||| qw: Game counter: 7667
     0 | D:1      | 0 ||| qw: Always use a shield: true
     0 | D:1      | 0 ||| qw: God list: Okawaru
     0 | D:1      | 0 ||| qw: Allow faded altars: false
     0 | D:1      | 0 ||| qw: Do Orc after D:15 true
     0 | D:1      | 0 ||| qw: Do second Lair branch before Depths: true
     0 | D:1      | 0 ||| qw: Lair rune preference: random
     0 | D:1      | 0 ||| qw: Plans: Normal
     0 | D:1      | 0 ||| PLANNING D:1-11
    62 | D:1      | 62 ||| CASTING Summon Small Mammal
    63 | D:1      | 63 ||| CASTING Summon Small Mammal
    75 | D:1      | 75 ||| CASTING Summon Small Mammal
   118 | D:1      | 118 ||| CASTING Summon Small Mammal
   119 | D:1      | 119 ||| CASTING Summon Small Mammal
   166 | D:1      | 166 ||| CASTING Summon Small Mammal
   167 | D:1      | 167 ||| CASTING Summon Small Mammal
   174 | D:1      | Reached skill level 1 in Axes
   224 | D:1      | 224 ||| CASTING Summon Small Mammal
   225 | D:1      | 225 ||| CASTING Summon Small Mammal
   339 | D:1      | 339 ||| Wielding weapon +0 mace.
   359 | D:1      | 359 ||| CASTING Summon Small Mammal
   360 | D:1      | 360 ||| CASTING Summon Small Mammal
   363 | D:1      | 363 ||| Stepping ~*~*~tactically~*~*~ (outnumbered).
   367 | D:1      | Reached XP level 2. HP: 22/22 MP: 0/3
   397 | D:1      | 397 ||| CASTING Summon Small Mammal
   398 | D:1      | 398 ||| CASTING Summon Small Mammal
   399 | D:1      | 399 ||| CASTING Summon Small Mammal
   408 | D:1      | Reached skill level 1 in Fighting
   473 | D:1      | 473 ||| CASTING Summon Small Mammal
   475 | D:1      | 475 ||| CASTING Summon Small Mammal
   476 | D:1      | 476 ||| CASTING Summon Small Mammal
   536 | D:1      | 536 ||| SWAPPING to +0 hand axe.
   571 | D:1      | 571 ||| CASTING Summon Small Mammal
   572 | D:1      | 572 ||| CASTING Summon Small Mammal
   573 | D:1      | 573 ||| CASTING Summon Small Mammal
   710 | D:1      | 710 ||| CASTING Summon Small Mammal
   711 | D:1      | 711 ||| CASTING Summon Small Mammal
   712 | D:1      | 712 ||| CASTING Summon Small Mammal
   782 | D:1      | 782 ||| CASTING Summon Small Mammal
   783 | D:1      | 783 ||| CASTING Summon Small Mammal
   784 | D:1      | 784 ||| CASTING Summon Small Mammal
   904 | D:1      | 904 ||| CASTING Summon Small Mammal
   905 | D:1      | 905 ||| CASTING Summon Small Mammal
   906 | D:1      | 906 ||| CASTING Summon Small Mammal
   985 | D:1      | 985 ||| CASTING Summon Small Mammal
   986 | D:1      | 986 ||| CASTING Summon Small Mammal
   987 | D:1      | 987 ||| CASTING Summon Small Mammal
   997 | D:1      | 997 ||| CASTING Summon Small Mammal
  1051 | D:1      | Found a faded altar of an unknown god.
  1282 | D:1      | 1282 ||| UPGRADING to +0 plate armour.
  1292 | D:1      | 1292 ||| DROPPING +0 robe.
  1293 | D:1      | 1293 ||| READING scroll labelled KISUST TEYFAIGO.
  1294 | D:1      | 1294 ||| READING scroll labelled HIOHOCS EPOSEM.
  1295 | D:1      | 1295 ||| READING scroll labelled POPARU UVYMP.
  1296 | D:1      | 1296 ||| DRINKING 2 orange potions.
  1297 | D:1      | 1297 ||| DROPPING potion of magic.
  1387 | D:2      | Reached XP level 3. HP: 28/28 MP: 4/4
  1416 | D:2      | 1416 ||| DROPPING +0 mace.
  1471 | D:2      | 1471 ||| Stepping ~*~*~tactically~*~*~ (hiding).
  1850 | D:2      | 1850 ||| Stepping ~*~*~tactically~*~*~ (stealth).
  1851 | D:2      | 1851 ||| Stepping ~*~*~tactically~*~*~ (stealth).
  1859 | D:2      | 1859 ||| READING scroll of enchant armour.
  1859 | D:2      | 1859 ||| ENCHANTING +0 plate armour.
  1886 | D:2      | Reached skill level 1 in Armour
  2014 | D:2      | 2014 ||| READING scroll labelled KUADYNL HAZUIP.
  2049 | D:3      | 2049 ||| PLANNING SEWER
  2167 | D:3      | Reached XP level 4. HP: 36/36 MP: 5/5
  2193 | D:3      | 2193 ||| Stepping ~*~*~tactically~*~*~ (stealth).
  2243 | D:3      | HP: 9/36 [gnoll/+0 spear (4)]
  2249 | D:3      | HP: 9/36 [gnoll/+0 spear (3)]
  2251 | D:3      | HP: 3/36 [gnoll/+0 spear (4)]
  2254 | D:3      | Slain by a gnoll

Levels and vault maps discovered:
D:1:      sevenhm_arrival_forest_fort_large_2, layout_basic,
          hellmonk_ecumenical_altar_prayer_group
D:2:      layout_basic
D:3:      layout_rooms, portal_sewer_entry_e,
          hangedman_abyss_or_decor_lesser_grid

Skill      XL: |  1  2  3 |
---------------+----------+-----
Axes           | 1 2 |  2.7
Fighting       | 1 2 |  2.0
Armour         | 1 |  1.0
Dodging        | |  1.7
Stealth        | |  2.1
Spellcasting   | |  1.7
Summonings     | |  3.6

Action                   |  1- 3 |  4- 6 || total
-------------------------+-------+-------++-------
Melee: Unarmed           |    18 |       ||    18
       Mace              |     7 |       ||     7
       Punch             |     2 |     1 ||     3
       Hand axe          |    92 |    29 ||   121
 Cast: Summon Small Mamm |    30 |       ||    30
  Use: Scroll            |     5 |       ||     5
       Potion            |     1 |       ||     1
 Stab: Distracted        |     1 |       ||     1
Armor: Robe              |     5 |       ||     5
       Plate armour      |   111 |    19 ||   130
Dodge: Dodged            |    33 |     6 ||    39

Table legend:
 A = Non-vault XP
 B = Vault XP
 C = Vault XP percentage of total XP
 D = Non-vault monster count
 E = Vault monster count
 F = Vault count percentage of total count
                 A         B        C        D         E       F
            +---------+---------+-------+---------+---------+-------
      Total |     122 |       0 |   0.0 |      38 |       0 |   0.0
            +---------+---------+-------+---------+---------+-------
        D:1 |      25 |       0 |   0.0 |      15 |       0 |   0.0
        D:2 |      48 |       0 |   0.0 |      12 |       0 |   0.0
        D:3 |      49 |       0 |   0.0 |      11 |       0 |   0.0
            +---------+---------+-------+---------+---------+-------
